AoeStats
← jphilkill

Highland

505390722Analyzed
4v4 RM · 24d ago on Sep 9, 2026· 54m 9s· 8 players
Game mode
Random Map
Map size
Large (8 player)
Population
200
Speed
Normal
Resources
Standard
Victory
Conquest
Starting age
Dark Age
Ending age
Imperial Age
RankedLock teamsTeams togetherTeam positionsShared explorationLock speedFull tech treeHidden civsTurbo modeCheats
Victory
Defeat
🇨🇳 Khitans · China
1200
+13
🇦🇷 Mapuche · Argentina
1151
+15
🇮🇳 Poles · India
1146
+15
🇨🇦 Japanese · Canada
1099
+17
🇳🇿 Magyars · New Zealand
1183
-17
🇺🇸 Wei · United States
1168
-18
🇺🇸 Italians · United States
1153
-16
🇩🇪 Burgundians · Germany
984
-9
doncath44
10:10 Loom
17:16 Feudal Age
18:06 Double-Bit Axe
23:48 Castle Age
21:36 Horse Collar
24:27 Fletching
25:26 Bodkin Arrow
27:03 Wheelbarrow
28:10 Padded Archer Armor
28:53 Heavy Plow
29:47 Bow Saw
30:44 Hand Cart
34:07 Scale Mail Armor
39:53 Imperial Age
41:41 Chemistry
41:02 Ballistics
41:17 Conscription
42:10 Chain Mail Armor
43:19 Stone Mining
43:20 Gold Mining
44:06 Bracer
44:08 Padded Archer Armor
43:35 Demolition Ship
44:01 Crossbowman
44:47 Thumb Ring
44:02 Elite Skirmisher
45:07 Arbalester
47:01 Leather Archer Armor
47:01 Masonry
48:20 Treadmill Crane
50:27 Plate Mail Armor
50:05 Scale Barding Armor
50:12 Forging
51:01 Siege Engineers
Hoodedpancake
2:51 Loom
12:35 Feudal Age
13:05 Fishing Lines
13:13 Double-Bit Axe
16:44 Fletching
21:03 Castle Age
20:53 Stone Mining
21:40 Bodkin Arrow
24:02 Medium Warships
24:18 Gold Mining
28:34 Ballistics
28:17 Squires
28:49 Arson
29:28 Guard Tower
31:40 Gillnets
32:08 Horse Collar
36:26 Yasama
36:26 Murder Holes
36:42 Masonry
36:13 Treadmill Crane
37:43 Padded Archer Armor
41:35 Imperial Age
39:21 Town Watch
40:12 Wheelbarrow
39:34 Pikeman
40:30 Forging
41:38 Gold Shaft Mining
41:55 Hand Cart
41:40 Town Patrol
44:06 Keep
44:32 Chemistry
43:37 Bracer
43:52 Leather Archer Armor
43:39 Scale Mail Armor
45:31 Arrowslits
46:14 Conscription
45:29 Man-at-Arms
45:54 Gambesons
46:58 Bow Saw
46:24 Long Swordsman
47:27 Chain Mail Armor
47:48 Iron Casting
47:01 Two-Handed Swordsman
48:39 Plate Mail Armor
48:12 Champion
50:27 Iron Casting
49:22 Halberdier
Fury
11:22 Feudal Age
11:39 Champi Runner
12:25 Double-Bit Axe
13:37 Scale Mail Armor
13:47 Forging
15:33 Horse Collar
17:19 Loom
21:18 Castle Age
19:56 Arson
20:26 Gold Mining
22:30 Bow Saw
22:24 Heavy Plow
22:22 Pikeman
24:57 Wheelbarrow
27:00 Hand Cart
27:19 Stone Mining
29:43 Treadmill Crane
33:36 Imperial Age
32:13 Gold Shaft Mining
31:45 Fletching
33:37 Bodkin Arrow
34:07 Ballistics
34:43 Butalmapu
34:42 Town Watch
35:32 Conscription
36:27 Elite Bolas Rider
37:40 Malon
42:02 Town Patrol
48:18 Champi Warrior
48:18 Halberdier
49:15 Chain Mail Armor
49:35 Iron Casting
50:28 Elite Champi Warrior
51:41 Plate Mail Armor
52:11 Blast Furnace
vChilde
6:36 Loom
9:03 Feudal Age
9:41 Double-Bit Axe
14:38 Fletching
15:00 Forging
15:29 Domestication
18:54 Wheelbarrow
21:39 Castle Age
20:12 Scale Barding Armor
21:40 Fletching
21:47 Gold Mining
22:59 Iron Casting
23:47 Bow Saw
24:28 Pastoralism
24:58 Bodkin Arrow
25:38 Elite Skirmisher
33:02 Padded Archer Armor
34:39 Chain Barding Armor
35:51 Hand Cart
38:53 Ballistics
39:10 Stone Mining
42:14 Imperial Age
40:48 Husbandry
41:27 Thumb Ring
42:00 Leather Archer Armor
42:18 Elite Steppe Lancer
43:54 Plate Barding Armor
44:40 Transhumance
46:25 Chemistry
45:59 Conscription
47:07 Ordo Cavalry
49:05 Bracer
tarleton25
7:06 Loom
12:52 Feudal Age
14:52 Wheelbarrow
16:57 Double-Bit Axe
17:12 Gold Mining
18:47 Town Watch
19:26 Horse Collar
21:55 Castle Age
20:12 Scale Barding Armor
20:19 Forging
21:11 Bloodlines
23:22 Husbandry
23:30 Heavy Plow
23:47 Hand Cart
32:50 Chain Barding Armor
34:43 Iron Casting
39:39 Imperial Age
37:41 Fletching
37:57 Stone Mining
38:42 Gold Shaft Mining
41:50 Blast Furnace
40:12 Heavy Hei Guang Cavalry
42:10 Ballistics
42:52 Chemistry
41:50 Bodkin Arrow
44:04 Heavy Scorpion
ibtip
5:08 Loom
14:12 Feudal Age
15:11 Double-Bit Axe
19:41 Fletching
22:12 Castle Age
20:06 Stone Mining
20:08 Gold Mining
20:14 Fishing Lines
21:40 Forging
23:07 Medium Warships
22:48 Gillnets
23:43 Bodkin Arrow
31:29 Wheelbarrow
32:33 Ballistics
33:00 Horse Collar
37:03 Imperial Age
35:03 Padded Archer Armor
38:06 Conscription
38:06 Bracer
39:17 Leather Archer Armor
40:12 Bow Saw
39:39 Elite Genoese Crossbowman
51:30 Husbandry
51:14 Light Cavalry
52:04 Scale Barding Armor
52:44 Bloodlines
FinRahZel
1:36 Loom
10:49 Feudal Age
13:17 Scale Barding Armor
26:24 Bloodlines
26:49 Double-Bit Axe
30:51 Castle Age
29:54 Fletching
30:05 Padded Archer Armor
29:59 Gold Mining
32:10 Bow Saw
32:24 Horse Collar
32:57 Bodkin Arrow
33:17 Leather Archer Armor
38:14 Husbandry
39:38 Thumb Ring
40:51 Ballistics
jphilkill
0:56 Loom
9:35 Wheelbarrow
11:47 Feudal Age
17:22 Castle Age
17:01 Double-Bit Axe
17:02 Horse Collar
24:50 Gold Mining
27:39 Hand Cart
27:36 Bow Saw
27:42 Stone Mining
31:07 Pikeman
31:26 Demolition Ship
34:37 Squires
37:21 Imperial Age
35:34 Gold Shaft Mining
35:37 Stone Shaft Mining
36:04 Two-Man Saw
35:08 Heavy Plow
36:48 Scale Barding Armor
36:54 Forging
36:45 Scale Mail Armor
37:37 Crop Rotation
37:15 Fletching
37:25 Padded Archer Armor
37:08 Cavalier
37:50 Husbandry
38:46 Conscription
38:03 Halberdier
39:21 Iron Casting
39:42 Bodkin Arrow
39:29 Elite Skirmisher
40:26 Chain Mail Armor
40:27 Leather Archer Armor
40:33 Ballistics
42:45 Blast Furnace
43:03 Chemistry
43:52 Plate Mail Armor
43:22 Bracer
46:20 Chain Barding Armor
46:33 Paladin
Connection lost

Rejoining the realm…

Still unreachable

The connection could not be restored.

Session expired

The server has moved on; the page needs a fresh start.